 Dungeon Crawl Stone Soup version 0.30-a0-916-g98134172ad (webtiles) character file.

Game seed: 2258919863626845348

5984 112233 the Geomancer (level 10, -8/56 HPs)
             Began as an Octopode Earth Elementalist on Mar 20, 2023.
             Was an Initiate of Gozag.
             Mangled by a gnoll sergeant
             ... wielding a +0 trident
              (13 damage)
             ... on level 8 of the Dungeon.
             The game lasted 00:11:05 (12600 turns).

112233 the Geomancer (Octopode Earth Elementalist) Turns: 12600, Time: 00:11:07

Health: -8/56      AC:  3    Str: 10 (12) XL:     10   Next: 85%
Magic:  10/22      EV: 15    Int: 18 (20) God:    Gozag
Gold:   702        SH:  0    Dex:  9 (10) Spells: 20/26 levels left

rFire   . . .      SeeInvis .    v - +0 short sword (elec)
rCold   . . .      Faith    .    (no shield)
rNeg    . . .      Spirit   .    (helmet restricted)
rPois   .          Reflect  .    F - amulet of regeneration
rElec   .          Rampage  .    c - ring of willpower
rCorr   .                        (no ring)
Will    +....                    (no ring)
Stlth   +++                      (no ring)
HPRegen 1.09/turn                (no ring)
MPRegen 0.18/turn                (no ring)
                                 (no ring)
                                 (no ring)

@: no status effects
A: almost no armour, amphibious, 8 rings, camouflage 1, gelatinous body 1,
(nimble swimmer 1), tentacles, iridescent scales 1, clumsy 1, strong 1
a: Renounce Religion, Potion Petition, Call Merchant, Bribe Branch


You were on level 8 of the Dungeon.
You worshipped Gozag.
Gozag was pleased with you.
You visited 2 branches of the dungeon, and saw 10 of its levels.

You collected 1335 gold pieces.
You paid 633 gold pieces to Gozag.

Inventory:

Hand Weapons
 v - a +0 short sword of electrocution (weapon)
Missiles
 E - 2 throwing nets
Armour
 p - an orb of wrath
 B - a +0 buckler
Jewellery
 c - a ring of willpower (left tentacle)
 F - an amulet of regeneration (around mantle)
Wands
 m - a wand of flame (29)
 z - a wand of charming (5)
 A - a wand of roots (9)
 D - a wand of digging (5)
Scrolls
 b - 2 scrolls of blinking
 e - 4 scrolls of identify
 f - 2 scrolls of amnesia
 h - a scroll of enchant weapon {unknown}
 i - a scroll of poison
 j - 2 scrolls of vulnerability {unknown}
 k - a scroll of silence {unknown}
 n - a scroll of immolation {unknown}
 q - a scroll of noise {unknown}
 r - 2 scrolls of enchant armour {unknown}
 t - 3 scrolls of magic mapping {unknown}
 y - 2 scrolls of teleportation {unknown}
 C - a scroll of fear {unknown}
Potions
 g - a potion of flight
 l - a potion of berserk rage
 s - a potion of degeneration
 u - a potion of might
 w - 2 potions of mutation


   Skills:
 + Level 9.5 Dodging
 - Level 3.1 Stealth
 + Level 8.7 Spellcasting
 - Level 1.3 Transmutations
 + Level 9.7 Earth Magic


You had 20 spell levels left.
You knew the following spells:

 Your Spells              Type           Power      Damage    Failure   Level
a - Sandblast             Erth           84%        2d18      1%          1
b - Stone Arrow           Conj/Erth      50%        3d10      3%          3
c - Passwall              Tmut/Erth      22%        N/A       1%          2

Your spell library contained the following spells:

 Spells                   Type           Power      Damage    Failure   Level
 Petrify                  Tmut/Erth      27%        N/A       10%         4
 Inner Flame              Hex/Fire       7%         N/A       26%         3
 Airstrike                Air            3%         2d(1-17)  65%         4
 Cause Fear               Hex            3%         N/A       65%         4
 Summon Lightning Spire   Summ/Air       7%         N/A       65%         4
 Plasma Beam              Fire/Air       3%         2x1d15    94%         5
 Discord                  Hex            3%         N/A       100%        8


Dungeon Overview and Level Annotations

Branches:
Dungeon (9/15)             Temple (1/1) D:5             Orc (0/2) D:9
   Lair: D:8-11

Altars:
Ashenzari
Dithmenos
Elyvilon
Fedhas
Gozag
Nemelex Xobeh
Okawaru
Qazlal
Sif Muna
Trog
Uskayaw
Vehumet
Yredelemnul
Zin
The Shining One

Shops:
D:1 [   D:9 [

Annotations:
D:3 2 runed translucent doors, exclusion: downstairs
D:7 2 transporters, Maggie; anet's ghost, novice GnBr
D:8 exclusion: ice statue


Innate Abilities, Weirdness & Mutations

You cannot wear most types of armour.
You are amphibious.
You can wear up to eight rings at the same time.
Your skin changes colour to match your surroundings (Stealth+).
Your rubbery body absorbs attacks. (AC +1, EV +1)
((You are camouflaged when in or above water. (Stealth+)))
You have tentacles for arms and can constrict up to eight enemies at once.
You are partially covered in iridescent scales. (AC +2)
You are clumsy. (Dex -2)
Your muscles are strong. (Str +4, Int/Dex -1)


Message History

Unknown command.
Casting: Stone Arrow (dangerous; 3% risk of failure)
Confirm with . or Enter, or press ? or * to list all spells.
Aiming: Stone Arrow (dangerous; 3% risk of failure)
Press: ? - help, Shift-Dir - straight line, f - gnoll sergeant
Aim: a gnoll sergeant, wielding a +0 trident and wearing a +0 scale mail (covering ground quickly, 79% to hit)
The stone arrow misses the gnoll sergeant.
The gnoll misses you. x2; The gnoll sergeant closely misses you.
Unknown command.
Casting: Stone Arrow (dangerous; 3% risk of failure)
Confirm with . or Enter, or press ? or * to list all spells.
Aiming: Stone Arrow (dangerous; 3% risk of failure)
Press: ? - help, Shift-Dir - straight line, f/p - gnoll sergeant
Aim: a gnoll sergeant, wielding a +0 trident and wearing a +0 scale mail (covering ground quickly, 79% to hit)
The stone arrow hits the gnoll sergeant.
The gnoll sergeant is lightly wounded.
The gnoll hits you with a +0 club.
The gnoll sergeant hits you with a +0 trident!
* * * LOW HITPOINT WARNING * * *
Casting: Stone Arrow (dangerous; 3% risk of failure)
Confirm with . or Enter, or press ? or * to list all spells.
Aiming: Stone Arrow (dangerous; 3% risk of failure)
Press: ? - help, Shift-Dir - straight line, f/p - gnoll sergeant
Aim: a gnoll sergeant, wielding a +0 trident and wearing a +0 scale mail (lightly wounded, covering ground quickly, 79% to hit)
The stone arrow hits the gnoll sergeant.
The gnoll sergeant is moderately wounded.
The gnoll hits you with a +1 heavy flail!
* * * LOW HITPOINT WARNING * * *
The gnoll sergeant closely misses you. The gnoll hits you with a +0 club.
* * * LOW HITPOINT WARNING * * *
Casting: Stone Arrow (dangerous; 3% risk of failure)
Confirm with . or Enter, or press ? or * to list all spells.
Aiming: Stone Arrow (dangerous; 3% risk of failure)
Press: ? - help, Shift-Dir - straight line, f/p - gnoll sergeant
Aim: a gnoll sergeant, wielding a +0 trident and wearing a +0 scale mail (moderately wounded, covering ground quickly, 79% to hit)
The stone arrow misses the gnoll sergeant.
Your attacks no longer feel as feeble.
The gnoll sergeant hits you with a +0 trident!
You die...
Your body crumbles into a pile of gold.

#...##.#............#.#
###...##.#.#'####.....#.#
..'>..##.#.#.# #.....#.#
###...##.#.#.# #.....#.#
#....#.#.#.####.....#.# #
#.##...#.#....'.....#.#
###'###.)#.######.....#.#########
.........#.#.....g....#..........
.......#.#.#...$@g....###########
.......#.#.######g....#..........
.......#..............'..........
.......#.##############..........
###+####.#<# #............ # #.#
#.#'## #.#.......... ###.# #....#
#.####.#.#### ....# #....# #.#
#.#.# # ....####....#########.#
#.#.####


You could see a gnoll sergeant (swift) and 2 gnolls.

Vanquished Creatures
  Pikel (D:5)
  Maurice (D:8)
  A gargoyle (D:9)
  A troll (D:9)
  Grinder (D:4)
  2 wyverns
  Eustachio (D:4)
  6 yaks (D:9)
  A steam dragon (D:8)
  Menkaure (D:4)
  A water moccasin (D:5)
  An orc warrior (D:8)
  An ice beast (D:5)
  5 ogres
  A black bear (D:6)
  3 centaurs (D:9)
  A lemure (D:5)
  A kobold brigand (D:8)
  A phantom (D:6)
  2 gnoll sergeants
  A scorpion (D:5)
  8 wights
  4 killer bees (D:8)
  A howler monkey (D:9)
  4 jellies
  3 orc priests
  2 sleepcaps
  4 iguanas
  2 gnoll boudas (D:8)
  Natasha (D:4)
  An orc wizard (D:5)
  Robin (D:1)
  26 gnolls
  8 adders
  2 shadow imps
  A white imp (D:5)
  2 worms
  4 dart slugs
  12 orcs
  3 bats
  7 endoplasms
  5 giant cockroaches
  17 goblins
  12 hobgoblins
  5 jackals (D:3)
  8 kobolds
  2 quokkas
  9 ball pythons
  3 frilled lizards
  2 rats (D:3)
193 creatures vanquished.

Notes
Turn   | Place    | Note
-------+----------+-------------------------------------------
     0 | D:1      | 112233 the Octopode Earth Elementalist began the quest for
                  | the Orb.
     0 | D:1      | Reached XP level 1. HP: 11/11 MP: 3/3
   214 | D:1      | Reached XP level 2. HP: 17/17 MP: 3/5
   787 | D:1      | Reached XP level 3. HP: 17/21 MP: 1/6
   835 | D:1      | Found Miecs's Armour Shoppe.
  1687 | D:2      | Noticed Robin
  1744 | D:1      | Killed Robin
  1745 | D:1      | Reached XP level 4. HP: 15/27 MP: 1/8
  2059 | D:2      | Learned a level 3 spell: Stone Arrow
  2062 | D:2      | Learned a level 2 spell: Passwall
  2741 | D:3      | Found a large runed translucent door.
  2742 | D:3      | Found a large runed translucent door.
  3451 | D:4      | Noticed Menkaure
  3451 | D:4      | Noticed an ogre
  3536 | D:4      | Reached XP level 5. HP: 31/31 MP: 4/9
  3793 | D:5      | Entered Level 5 of the Dungeon
  3916 | D:5      | Noticed an ogre
  3951 | D:5      | Killed an ogre
  3952 | D:5      | Reached XP level 6. HP: 36/36 MP: 6/11
  4129 | D:5      | Noticed a water moccasin
  4144 | D:5      | Killed a water moccasin
  4363 | D:5      | Reached XP level 7. HP: 33/41 MP: 8/13
  4433 | D:5      | Found a staircase to the Ecumenical Temple.
  4663 | Temple   | Entered the Ecumenical Temple
  4719 | Temple   | Became a worshipper of Gozag Ym Sagoz the Greedy
  4817 | D:5      | Reached skill level 5 in Earth Magic
  4924 | D:5      | Found a shimmering blue altar of Sif Muna.
  5093 | D:5      | Found a blossoming altar of Fedhas.
  5273 | D:5      | Reached skill level 5 in Dodging
  5378 | D:5      | Noticed Pikel
  5404 | D:5      | Killed Pikel
  5405 | D:5      | Reached skill level 5 in Spellcasting
  5405 | D:5      | Reached XP level 8. HP: 31/46 MP: 7/16
  5890 | D:4      | Noticed Eustachio
  5897 | D:4      | Killed Eustachio
  6031 | D:4      | Noticed Grinder
  6034 | D:4      | Killed Grinder
  6522 | D:4      | Found a white marble altar of Elyvilon.
  6558 | D:4      | Reached XP level 9. HP: 51/51 MP: 11/18
  6628 | D:4      | Killed Menkaure
  7134 | D:4      | Noticed Natasha
  7135 | D:4      | Killed Natasha
  8127 | D:6      | Found a hide-covered altar of Uskayaw.
  8140 | D:6      | Identified the +2 pair of boots of the End {rF+ Str-4
                  | Int+3}
  8253 | D:6      | Found a radiant altar of Vehumet.
  8364 | D:6      | Found a sparkling altar of Nemelex Xobeh.
  8969 | D:6      | Found a basalt altar of Yredelemnul.
  9176 | D:7      | Found a transporter.
  9177 | D:7      | Found a bloodstained altar of Trog.
  9177 | D:7      | Noticed anet's ghost (novice GnBr)
  9178 | D:7      | Noticed a moth of wrath
  9185 | D:7      | Found a transporter.
  9257 | D:7      | You fall into a shaft and drop 1 floor!
  9258 | D:8      | Found a stormy altar of Qazlal.
 10300 | D:8      | Noticed Maurice
 10308 | D:8      | Killed Maurice
 10309 | D:8      | Reached XP level 10. HP: 56/56 MP: 4/21
 10773 | D:8      | Noticed an ice statue
 11120 | D:9      | Noticed a gargoyle
 11124 | D:9      | Killed a gargoyle
 11444 | D:9      | Found Pygoed's Antique Armour Emporium.
 11971 | D:9      | Found a staircase to the Orcish Mines.
 11999 | D:9      | Found a glowing silver altar of Zin.
 12230 | D:8      | Found a bloodstained altar of Trog.
 12244 | D:8      | Gained mutation: You are partially covered in iridescent
                  | scales. (AC +2) [potion of mutation]
 12244 | D:8      | Gained mutation: Your muscles are strong. (Str +4, Int/Dex
                  | -1) [potion of mutation]
 12244 | D:8      | Gained mutation: You are clumsy. (Dex -2) [potion of
                  | mutation]
 12594 | D:7      | Noticed Maggie
 12600 | D:8      | Mangled by a gnoll sergeant

Illustrated notes

Levels and vault maps discovered:
D:1:      dpeg_arrival_morbid_curiosity, layout_loops_ring, serial_shops,
          nicolae_shop_hallway_stairs, palyth_stone_intersect, st_stairs_10,
          minmay_fountain_box
D:2:      layout_basic, chequers_serial_rivers_room_b, grunt_ministairs_14,
          uniq_robin
D:3:      layout_loops_corners, jmf_multi_god_temple2, kennysheep_generic_room_9
D:4:      minmay_evil_eye, layout_basic, lemuel_doored_altar,
          chequers_ossuary_entry_cave, serial_bayou_pond_e, kennysheep_dice,
          uniq_grinder, uniq_menkaure, uniq_natasha, uniq_eustachio
D:5:      layout_basic, mainiacjoe_overflow_24_doors, fedhas_altar_fruit_tree,
          temple_doors_e, uniq_pikel
D:6:      layout_cave_pods, old_standard_altar, nemelex_dance_club_becter,
          fiery_altar_vehumet, nicolae_uskayaw_dance_hall
D:7:      minmay_the_grid_triangle_9x9_rhombus_full
          [minmay_the_grid_triangle_9x9_minimal,
          minmay_the_grid_triangle_9x9_skeleton,
          minmay_the_grid_triangle_9x9_warning,
          minmay_the_grid_triangle_9x9_descending_squares,
          minmay_the_grid_triangle_9x9_empty,
          minmay_the_grid_triangle_9x9_fully_insulated_deathbox,
          minmay_the_grid_triangle_9x9_negative_grid,
          minmay_the_grid_triangle_9x9_prize_special], layout_rooms,
          gammafunk_ghost_wrathful_warriors, st_stairs_13, uniq_maggie
D:8:      cheibrodos_frozen_isle, layout_basic,
          mainiacjoe_overflow_tiny_flanked, trog_antimagical, uniq_maurice
D:9:      layout_basic, zin_treasury, orc_0_dummy, serial_shops, shop
Temple:   hellmonk_temple_forest_ring

Skill      XL: |  1  2  3  4  5  6  7  8  9 10 |
---------------+-------------------------------+-----
Stealth        | 3 |  3.1
Dodging        | 3 4 5 6 8 9 |  9.5
Spellcasting   | 3 4 5 6 7 8 |  8.7
Earth Magic    | 4 6 8 9 |  9.7
Transmutations | |  1.3

Action                     |  1- 3 |  4- 6 |  7- 9 | 10-12 || total
---------------------------+-------+-------+-------+-------++-------
  Melee: Unarmed           |     7 |       |       |       ||     7
         Constrict         |     2 |     2 |     1 |     2 ||     7
         Tentacles         |     2 |       |     1 |     4 ||     7
         Punch             |     1 |       |       |       ||     1
         Short sword       |       |     6 |     5 |    20 ||    31
   Cast: Sandblast         |    61 |    72 |    41 |     8 ||   182
         Stone Arrow       |       |       |   118 |    55 ||   173
         Passwall          |       |       |     1 |       ||     1
 Invoke: Potion Petition   |       |       |       |     1 ||     1
  Evoke: Wand              |       |       |     1 |     2 ||     3
    Use: Potion            |       |     1 |     8 |     9 ||    18
         Scroll            |       |       |     4 |     1 ||     5
 Armour: Skin              |     2 |       |     2 |     1 ||     5
  Dodge: Dodged            |    18 |    38 |    37 |    45 ||   138

Table legend: (Time is in decaauts)
 A = Elapsed time spent in this place.
 B = Non-inter-level travel time spent in this place.
 C = Inter-level travel time spent in this place.
 D = Time resting spent in this place.
 E = Time spent auto-exploring this place.
 F = Levels seen in this place.
 G = Mean time per level.
                   A        B        C        D        E       F      G
               +--------+--------+--------+--------+--------+-----+--------+
         Total |  12701 |  12176 |    525 |   2171 |   8648 |  10 | 1270.1 |
       Dungeon |  12633 |  12133 |    500 |   2171 |   8612 |   9 | 1403.7 |
        Temple |     67 |     42 |     25 |      0 |     36 |   1 |   67.0 |
               +--------+--------+--------+--------+--------+-----+--------+

Top non-repeatable levels by time:
     D:5: 2076 daAuts
     D:8: 2048 daAuts
     D:4: 2044 daAuts
     D:3: 1456 daAuts
     D:1: 1412 daAuts
     D:9: 1306 daAuts
     D:6: 1289 daAuts
     D:2: 900 daAuts
     D:7: 99 daAuts
  Temple: 67 daAuts
